 Dungeon Crawl Stone Soup version 0.24.0-2-g5b39cebb1c (webtiles) character file.

Game seed: 6145610156057457361, levelgen mode: deterministic

56 inmateoo the Scratcher (level 3, 0/15 HPs)
             Began as a Felid Transmuter on Oct 31, 2019.
             Slain by an orc wizard
             ... wielding a +0 dagger
              (3 damage)
             ... on level 3 of the Dungeon.
             The game lasted 00:03:40 (1989 turns).

inmateoo the Scratcher (Felid Transmuter)           Turns: 1989, Time: 00:03:40

Health: 0/15       AC:  1    Str:  6    XL:     3   Next: 69%
Magic:  2/7        EV: 18    Int: 15    God:
Gold:   140        SH:  0    Dex: 16    Spells: 3/6 levels left
                                        Lives:  0   Deaths: 0

rFire    . . .     SeeInvis +     - Unarmed
rCold    . . .     Gourm    .   (shield unavailable)
rNeg     . . .     Faith    .   (armour unavailable)
rPois    .         Spirit   .   (helmet unavailable)
rElec    .         Reflect  .   (cloak unavailable)
rCorr    .         Harm     .   (gloves unavailable)
MR       .....                  (boots unavailable)
Stlth    ++........             (no amulet)
HPRegen  0.05/turn              (no ring)
MPRegen  0.10/turn              (no ring)

@: appendage (expiring), slowed, slow
A: very small, no armour, no weapons or thrown items, stealth, claws 1, fangs 3,
horns 2, see invisible, carnivore, speed 1, shaggy fur 1, slow metabolism 1,
sharp paws
a: End Transformation


You were on level 3 of the Dungeon.
You were full.
You had grown temporary horns.
You visited 1 branch of the dungeon, and saw 3 of its levels.

You collected 140 gold pieces.

Inventory:

Missiles
 a - 21 arrows
Potions
 b - a potion of heal wounds {unknown}
 d - a potion of might {unknown}
 f - a potion of ambrosia {unknown}
Comestibles
 c - 8 rations


   Skills:
 + Level 1.5 Fighting
 + Level 3.2 Dodging
 + Level 1.2 Stealth
 * Level 3.6 Unarmed Combat
 + Level 2.3 Spellcasting
 + Level 2.7 Transmutations


You had 3 spell levels left.
You knew the following spells:

 Your Spells              Type           Power        Failure   Level  Hunger
a - Beastly Appendage     Tmut           #.....       7%          1    #......
b - Sticks to Snakes      Tmut           #.......     11%         2    ###....

Your spell library contained the following spells:

 Spells                   Type           Power        Failure   Level  Hunger
 Spider Form              Tmut/Pois      #.........   36%         3    ###....
 Ice Form                 Ice/Tmut       #.......     77%         4    #####..
 Blade Hands              Tmut           #.........   89%         5    ######.


Dungeon Overview and Level Annotations

Branches:
Dungeon (3/15)

Altars:

Annotations:
D:3 Ijyb


Innate Abilities, Weirdness & Mutations

You cannot wear armour.
You are incapable of wielding weapons or throwing items.
Your paws allow you to move quietly. (Stealth)
You have sharp claws.
You have razor-sharp teeth.
You have supernaturally acute eyesight. (SInv)
You are carnivorous and can eat meat at any time.
You cover ground quickly.
You are covered in fur. (AC +1)
You have a slow metabolism.
Your sharp claws are effective at attacking unaware monsters.
You have a pair of horns on your head.


Message History

You closely miss the orc wizard. Your headbutt misses the orc wizard.
You bite the orc wizard.
The orc wizard is severely wounded.
The orc wizard hits you with a +0 dagger.
* * * LOW HITPOINT WARNING * * *
Unknown command.
You barely miss the orc wizard.
The orc wizard is severely wounded.
The orc wizard gestures wildly while chanting.
The orc wizard blinks!
Unknown command.
You scratch the orc wizard.
The orc wizard is almost dead.
The orc wizard barely misses you.
Unknown command.
You closely miss the orc wizard.
The orc wizard is almost dead.
Your transformation is almost over.
The orc wizard hits you with a +0 dagger.
You die...

#####..# #..# ### #..# #..
#..# #.# #..##### #.#
#......# ####.##
......####.###.....# ####
#####[###...##.###.##.....
.......o@#....# #....#...
########§))##.###.####..?
##.###....o##.§... ###
#.#...)..(...
#.#.####..o.. #.#.# #.....
#.#.# #.#... ....$ #.####
.##.# #.#


You could see an orc wizard.

Vanquished Creatures
  4 dart slugs
  3 leopard geckos
  An orc (D:3)
  A ball python (D:3)
  3 giant cockroaches
  8 goblins (D:1)
  2 hobgoblins
  4 bats
  3 frilled lizards (D:3)
  5 kobolds
  5 rats
39 creatures vanquished.

Vanquished Creatures (collateral kills)
  2 orcs (D:3)
  A goblin (D:1)
  A hobgoblin (D:1)
4 creatures vanquished.

Grand Total: 43 creatures vanquished

Notes
Turn   | Place    | Note
-------+----------+-------------------------------------------
     0 | D:1      | inmateoo the Felid Transmuter began the quest for the Orb.
     0 | D:1      | Reached XP level 1. HP: 9/9 MP: 4/4
   480 | D:1      | Reached XP level 2. HP: 12/12 MP: 4/6
   520 | D:1      | Learned a level 2 spell: Sticks to Snakes
  1359 | D:2      | Reached skill level 1 in Stealth
  1362 | D:2      | Reached XP level 3. HP: 15/15 MP: 5/7
  1506 | D:2      | You fall into a shaft and drop 1 floor!
  1798 | D:3      | Noticed Ijyb
  1989 | D:3      | Slain by an orc wizard

Levels and vault maps discovered:
D:1:      ebering_trefoil_twist, layout_basic, chequers_serial_rivers_marsh,
          roderic_lattice_a, minmay_cupped
D:2:      layout_loops_ring, first_ration, kennysheep_generic_room_15,
          uniq_natasha
D:3:      layout_loops_ring, kennysheep_okawaru_gauntlet, uniq_jessica,
          uniq_ijyb

Skill      XL: |  1  2 |
---------------+-------+-----
Dodging        | 3 |  3.2
Stealth        | 1 |  1.2
Fighting       | |  1.5
Unarmed Combat | |  3.6
Spellcasting   | |  2.3
Transmutations | |  2.7

Action                   || total
-------------------------++-------
Melee: Unarmed           ||   132
       Bite              ||    11
       Headbutt          ||     9
 Cast: Beastly Appendage ||    17
       Sticks to Snakes  ||     7
  Use: Scroll            ||     2
       Potion            ||     1
 Stab: Sleeping          ||     4
  Eat: Chunk             ||     7
Armor: Skin              ||    12
Dodge: Dodged            ||   114
